 Dungeon Crawl Stone Soup version 0.29.1-15-g9cfb28693d (webtiles) character file.

Game seed: 16339392423137935246

893 sentinel the Thaumaturge (level 8, 66/66 HPs)
             Began as a Meteoran Earth Elementalist on Aug 16, 2023.
             Quit the game in the Ecumenical Temple.
             The game lasted 00:06:57 (655 turns).

sentinel the Thaumaturge (MeEE)                      Turns: 655, Time: 00:06:58

Health: 66/66      AC:  5    Str: 10    XL:     8   Next: 52%
Magic:  21/21      EV: 12    Int: 18    God:
Gold:   0          SH:  0    Dex: 15    Spells: 17/23 levels left

rFire   . . .      SeeInvis .   (no weapon)
rCold   . . .      Faith    .   (no shield)
rNeg    . . .      Spirit   .   a - +0 robe
rPois   .          Reflect  .   i - +1 helmet
rElec   .          Harm     .   (no cloak)
rCorr   .          Rampage  .   d - +0 pair of gloves
Will    +....                   (no boots)
Stlth   +.........              (no amulet)
HPRegen 0.21/turn               (no ring)
MPRegen 0.17/turn               (no ring)

@: glowing
A: sense surroundings 1, otherworldly, glowing, explore regen
a: no special abilities


You were in the Ecumenical Temple.
You visited 2 branches of the dungeon, and saw 8 of its levels.

Inventory:

Armour
 a - a +0 robe (worn)
 d - a +0 pair of gloves (worn)
 i - a +1 helmet (worn)
Wands
 h - a wand of charming (2)
Scrolls
 c - 3 scrolls of poison
 k - a scroll of identify {unknown}
 l - a scroll of teleportation {unknown}
 n - a scroll of vulnerability {unknown}
Potions
 b - a potion of magic
 e - a potion of might {unknown}
 f - a potion of curing {unknown}
 g - a potion of attraction {unknown}
 j - a potion of degeneration {unknown}
 m - 2 potions of heal wounds {unknown}


   Skills:
 - Level 4.0 Fighting
 - Level 2.4 Dodging
 - Level 1.4 Stealth
 - Level 8.0 Spellcasting
 - Level 3.2 Conjurations
 + Level 0.1 Necromancy
 - Level 1.2 Transmutations
 - Level 5.0 Earth Magic
 - Level 3.0 Evocations


You had 17 spell levels left.
You knew the following spells:

 Your Spells              Type           Power      Damage    Failure   Level
a - Sandblast             Erth           50%        2d12      1%          1
h - Stone Arrow           Conj/Erth      42%        3d9       5%          3
j - Passwall              Tmut/Erth      15%        N/A       4%          2

Your spell library contained the following spells:

 Spells                   Type           Power      Damage    Failure   Level
 Petrify                  Tmut/Erth      18%        N/A       26%         4
 Fireball                 Conj/Fire      6%         3d5       80%         5
 Starburst                Conj/Fire      6%         6d4       100%        6
 Ignition                 Fire           3%         3d4       100%        8


Dungeon Overview and Level Annotations

Branches:
Dungeon (7/15) Zot: 3580   Temple (1/1) D:6 Zot: 530

Altars:
Ashenzari
Cheibriados
Elyvilon
Hepliaklqana
Makhleb
Nemelex Xobeh
Okawaru
Qazlal
Ru
Trog
Vehumet
Xom
Yredelemnul
Zin


Innate Abilities, Weirdness & Mutations

You passively map a small area around you.
You are easily found by Zot.
You glow in the dark.
You regain HP and MP as you explore.


Message History

Aiming: Stone Arrow (dangerous; 6% risk of failure)
Press: ? - help, Shift-Dir - straight line, f/p - centaur
Aim: a centaur, wielding a +0 shortbow (severely wounded, 83% to hit)
The stone arrow hits the centaur!
You kill the centaur!
The phantom hits you.
Training target 4.0 for Fighting reached!
Your Fighting skill increases to level 4!
The blast of sand hits the phantom but does no damage.
The phantom is severely damaged.
The phantom hits you but does no damage.
The blast of sand hits the phantom!
The phantom is almost destroyed.
The phantom hits you but does no damage.
The phantom barely misses you.
Casting: Sandblast (safe; 1% risk of failure)
Confirm with . or Enter, or press ? or * to list all spells.
Aiming: Stone Arrow (dangerous; 6% risk of failure)
Press: ? - help, Shift-Dir - straight line, f/p - phantom
Aim: a phantom (almost destroyed, 60% to hit)
The stone arrow hits the phantom!
You destroy the phantom!
Your Spellcasting skill increases to level 7!
Found 7 gold pieces.
Found a scroll labelled CET XIRHEGHOWE.
l - a scroll labelled YHUINU RORICLYU You see here 7 gold pieces.
Casting: Stone Arrow (dangerous; 6% risk of failure)
Confirm with . or Enter, or press ? or * to list all spells.
Aiming: Passwall (safe; 4% risk of failure)
Press: ? - help, Dir - move target A rock wall.
You begin to meditate on the wall.
You continue meditating on the rock. x2
Magic restored.
You finish merging with the rock.
Found an escape hatch in the floor.
The blast of sand hits the ogre!
The ogre is heavily wounded.
The blast of sand hits the ogre!
You kill the ogre!
You can't see any susceptible monsters within range! (Use Z to cast anyway.) Magic restored.
Found 2 viscous orange potions.
There is an escape hatch in the floor here.
Magic restored.
m - 2 viscous orange potions
Casting: Sandblast (safe; 1% risk of failure)
Confirm with . or Enter, or press ? or * to list all spells.
Aiming: Passwall (safe; 4% risk of failure)
Press: ? - help, Dir - move target A rock wall.
You begin to meditate on the wall.
You continue meditating on the rock. x3
Magic restored.
You finish merging with the rock.
Casting: Passwall (safe; 4% risk of failure)
Confirm with . or Enter, or press ? or * to list all spells.
Aiming: Stone Arrow (dangerous; 5% risk of failure)
Press: ? - help, Shift-Dir - straight line, f - centaur zombie
Aim: a centaur zombie (wandering, hasn't noticed you, 100% to hit)
You miscast Stone Arrow.
You are very lightly contaminated with residual magic.
Nothing appears to happen.
The adder hisses angrily.
Casting: Stone Arrow (dangerous; 5% risk of failure)
Confirm with . or Enter, or press ? or * to list all spells.
Aiming: Stone Arrow (dangerous; 5% risk of failure)
Press: ? - help, Shift-Dir - straight line, f/p - centaur zombie
Aim: a centaur zombie (100% to hit)
The stone arrow hits the centaur zombie!!
The centaur zombie is severely damaged.
The orc shouts!
Casting: Stone Arrow (dangerous; 5% risk of failure)
Confirm with . or Enter, or press ? or * to list all spells.
Aiming: Stone Arrow (dangerous; 5% risk of failure)
Press: ? - help, Shift-Dir - straight line, f/p - centaur zombie
Aim: a centaur zombie (severely damaged, 100% to hit)
The stone arrow hits the centaur zombie!
You destroy the centaur zombie!
The killer bee zombie closely misses you.
A scorpion comes into view.
The killer bee zombie closely misses you.
The killer bee zombie hits you but does no damage.
The killer bee zombie completely misses you.
The killer bee zombie attacks as you move away!
The killer bee zombie hits you but does no damage.
The killer bee zombie hits you but does no damage.
The killer bee zombie attacks as you move away!
The killer bee zombie hits you.
The killer bee zombie closely misses you.
The killer bee zombie hits you.
The killer bee zombie hits you but does no damage.
Your magical contamination has completely faded away.
The killer bee zombie attacks as you move away!
The killer bee zombie hits you. The adder attacks as you move away!
The adder bites you but does no damage.
Found a staircase to the Ecumenical Temple.
The adder bites you but does no damage. The adder attacks as you move away!
The adder bites you but does no damage. The adder attacks as you move away!
The adder misses you.
You see here a scroll labelled CET XIRHEGHOWE.
n - a scroll labelled CET XIRHEGHOWE The adder barely misses you.
Casting: Stone Arrow (dangerous; 5% risk of failure)
Confirm with . or Enter, or press ? or * to list all spells.
Aiming: Stone Arrow (dangerous; 5% risk of failure)
Press: ? - help, Shift-Dir - straight line, f - adder
Aim: an adder (53% to hit)
Okay, then.
The adder attacks as you move away! The adder barely misses you.
The killer bee zombie attacks as you move away!
The killer bee zombie completely misses you.
The adder bites you but does no damage. The adder attacks as you move away!
The adder bites you.
You are poisoned.
The adder poisons you!
You feel sick.
There is a fountain of clear blue water here.
The adder attacks as you move away! The adder bites you but does no damage.
You feel sick.
You feel sick. The adder barely misses you.
There is a staircase to the Ecumenical Temple here.
You feel sick. The adder bites you. The bullfrog zombie misses you.
You climb downwards.
Welcome to the Ecumenical Temple!
Magic restored.
HP restored.
Found a shimmering altar of Xom.
There is a staircase back to the Dungeon here.
The blast of sand hits the adder!
You kill the adder!
You feel sick.
You are no longer poisoned.
Training target 8.0 for Spellcasting reached!
Your Spellcasting skill increases to level 8!
You need to enable at least one skill for training.
Found a radiant altar of Vehumet.
Found a snail-covered altar of Cheibriados.
You enter the shallow water.
Moving in this stuff is going to be slow.
Found a stormy altar of Qazlal.
Found a bloodstained altar of Trog and a sacrificial altar of Ru.
Found a basalt altar of Yredelemnul.
Found a broken altar of Ashenzari.
There is a bloodstained altar of Trog here.
Found a white marble altar of Elyvilon.
You enter the shallow water.
Moving in this stuff is going to be slow.
Found a hazy altar of Hepliaklqana.
Found a sparkling altar of Nemelex Xobeh.
Found a glowing silver altar of Zin.
Found a burning altar of Makhleb.
You enter the shallow water.
Moving in this stuff is going to be slow.
There is a glowing silver altar of Zin here.
Are you sure you want to abandon this character and quit the game? (Confirm with "yes".)

♣~~.§....♣♣..♣.~~~..~.♣
♣~~..♣...♣♣....~~~.♣...♣
♣♣~~.♣._.......~~~......
♣~~.♣..........~.......
♣♣~~.....~.....§~....._
♣~~.~~~..~..~~...~..~.
♣~.~~...~♣.~....~....
♣♣.~~..♣♣♣._. ♣♣♣..♣♣
♣..@.♣......~♣♣...♣♣
♣♣._.♣♣......~..._.♣
♣♣~.....~_.♣..~.§~~.♣♣
♣~~...~....♣.........♣
♣~.♣......~♣♣._~......
♣~~.♣~.♣.~.......♣.....
♣~...♣.~.♣§......♣.....
♣~~~..♣♣...~......♣♣._..
♣~≈~...♣......♣.........


There were no monsters in sight!

Vanquished Creatures
  A black bear (D:6)
  An ice beast (D:5)
  2 phantoms (D:6)
  2 centaurs (D:6)
  An ogre (D:6)
  A kobold brigand (D:6)
  2 centaur zombies (D:6)
  A hound (D:4)
  An orc wizard (D:5)
  A killer bee zombie (D:6)
  4 adders
  A shadow imp (D:7)
  An ufetubus (D:5)
  6 orcs
  A ball python (D:3)
  3 giant cockroaches
  3 kobolds
  2 frilled lizards (D:1)
  5 goblins
  A rat (D:2)
40 creatures vanquished.

Vanquished Creatures (collateral kills)
  A hound (D:5)
  An orc wizard (D:5)
  An ufetubus (D:5)
  2 orcs (D:5)
5 creatures vanquished.

Vanquished Creatures (others)
  A centaur zombie (D:6)
  5 withered plants (D:6)
6 creatures vanquished.

Grand Total: 51 creatures vanquished

Notes
Turn   | Place    | Note
-------+----------+-------------------------------------------
     0 | D:1      | sentinel the Meteoran Earth Elementalist began the quest
                  | for the Orb.
     0 | D:1      | Reached XP level 1. HP: 14/14 MP: 5/5
    92 | D:3      | Reached XP level 2. HP: 20/20 MP: 4/6
    94 | D:3      | Reached skill level 3 in Spellcasting
   130 | D:3      | Learned a level 2 spell: Passwall
   153 | D:3      | Reached XP level 3. HP: 23/26 MP: 0/9
   157 | D:3      | Learned a level 3 spell: Stone Arrow
   238 | D:4      | Reached skill level 1 in Conjurations
   238 | D:4      | Reached XP level 4. HP: 17/33 MP: 1/10
   243 | D:4      | Found an iron altar of Okawaru.
   290 | D:5      | Entered Level 5 of the Dungeon
   296 | D:5      | Noticed an ice beast
   313 | D:5      | Reached skill level 4 in Spellcasting
   313 | D:5      | Reached skill level 5 in Earth Magic
   313 | D:5      | Reached skill level 1 in Evocations
   313 | D:5      | Reached XP level 5. HP: 25/38 MP: 10/12
   323 | D:5      | Reached XP level 6. HP: 28/45 MP: 5/13
   328 | D:5      | Killed an ice beast
   355 | D:6      | Reached skill level 5 in Spellcasting
   359 | D:6      | Noticed a black bear
   363 | D:6      | Killed a black bear
   364 | D:6      | Reached skill level 1 in Fighting
   364 | D:6      | Reached XP level 7. HP: 38/53 MP: 10/16
   464 | D:6      | Reached skill level 6 in Spellcasting
   488 | D:6      | Reached XP level 8. HP: 35/63 MP: 3/18
   517 | D:6      | Reached skill level 7 in Spellcasting
   581 | D:6      | Found a staircase to the Ecumenical Temple.
   590 | Temple   | Entered the Ecumenical Temple
   592 | Temple   | Reached skill level 8 in Spellcasting
   655 | Temple   | Quit the game

Illustrated notes

Levels and vault maps discovered:
D:1:      wheals_arrival_shading, layout_loops_ring, serial_shops,
          nicolae_diamond_shop, hangedman_decor_points
D:2:      layout_basic, basic_altar, kennysheep_generic_room_13
D:3:      layout_loops_ring, minmay_unequal
D:4:      layout_basic, kennysheep_okawaru_gauntlet,
          minmay_a_box_with_orc_wizards_in_it
D:5:      layout_rooms, minmay_chambers_of_fives, uniq_prince_ribbit1
D:6:      layout_rooms, minmay_temple_entry_drinking_statues, serial_undead,
          serial_undead_a, serial_undead_a, serial_undead_d, serial_undead_f,
          serial_undead_f, serial_undead_f, serial_undead_f, serial_undead_c,
          serial_undead_c, serial_undead_d, kennysheep_dice
D:7:      layout_loops_cross, mainiacjoe_overflow_chevrons, roderic_lattice_a,
          nicolae_elemental_shop
Temple:   nicolae_temple_bog_church

Skill      XL: |  1  2  3  4  5  6  7  8 |
---------------+-------------------------+-----
Earth Magic    | 4 5 |  5.0
Spellcasting   | 3 4 5 6 8 |  8.0
Conjurations   | 1 2 3 |  3.2
Evocations     | 1 3 |  3.0
Fighting       | 1 3 4 |  4.0
Dodging        | |  2.4
Stealth        | |  1.4
Necromancy     | |  0.1
Transmutations | |  1.2

Action                   |  1- 3 |  4- 6 |  7- 9 || total
-------------------------+-------+-------+-------++-------
Melee: Unarmed           |       |     1 |       ||     1
 Cast: Sandblast         |    24 |    15 |    21 ||    60
       Passwall          |     4 |     1 |     6 ||    11
       Stone Arrow       |     1 |     4 |    13 ||    18
Evoke: Wand              |       |     2 |     1 ||     3
  Use: Scroll            |       |     3 |     1 ||     4
Armor: Robe              |     3 |     6 |    24 ||    33
Dodge: Dodged            |    13 |    10 |    35 ||    58
